 Dungeon Crawl Stone Soup version 0.29-a0-330-g52719c12eb (webtiles) character file.

Game seed: 10720706508687824034

3 Crownlay the Sneak (level 1, 0/13 HPs)
             Began as a Gnoll Wanderer on May 24, 2022.
             Slain by a kobold
             ... wielding a +0 short sword
              (1 damage)
             ... on level 1 of the Dungeon.
             The game lasted 00:00:26 (73 turns).

Crownlay the Sneak (Gnoll Wanderer)                   Turns: 73, Time: 00:00:27

Health: 0/13       AC:  3    Str: 13    XL:     1   Next: 50%
Magic:  4/4        EV: 10    Int:  9    God:
Gold:   0          SH:  5    Dex: 11    Spells: 5/5 levels left

rFire   . . .      SeeInvis .   a - +0 dagger
rCold   . . .      Faith    .   d - +0 buckler
rNeg    . . .      Spirit   .   f - +0 leather armour
rPois   .          Reflect  .   (no helmet)
rElec   .          Harm     .   (no cloak)
rCorr   .          Rampage  .   (no gloves)
Will    .....                   (no boots)
Stlth   +++.......              (no amulet)
HPRegen 0.04/turn               (no ring)
MPRegen 0.09/turn               (no ring)

@: no status effects
A: fangs 1, strong nose, distributed training
a: no special abilities


You were on level 1 of the Dungeon.
You visited 1 branch of the dungeon, and saw 1 of its levels.

Inventory:

Hand Weapons
 a - a +0 dagger (weapon)
Missiles
 b - an atropa-tipped dart (quivered)
 c - a datura-tipped dart
Armour
 d - a +0 buckler (worn)
 f - a +0 leather armour (worn)
Scrolls
 e - a scroll of blinking
Potions
 g - 2 potions of curing {unknown}


   Skills:
 + Level 0.0 Fighting
 + Level 0.0 Short Blades
 + Level 0.0 Long Blades
 + Level 0.0 Axes
 + Level 0.0 Maces & Flails
 + Level 0.0 Polearms
 + Level 0.0 Staves
 + Level 0.0 Slings
 + Level 0.0 Bows
 + Level 0.0 Crossbows
 + Level 0.0 Throwing
 + Level 0.0 Armour
 + Level 0.0 Dodging
 + Level 7.7 Stealth
 + Level 6.4 Shields
 + Level 0.0 Unarmed Combat
 + Level 2.6 Spellcasting
 + Level 0.0 Conjurations
 + Level 0.0 Hexes
 + Level 0.0 Summonings
 + Level 0.0 Necromancy
 + Level 0.0 Translocations
 + Level 0.0 Transmutations
 + Level 0.0 Fire Magic
 + Level 0.0 Ice Magic
 + Level 3.6 Air Magic
 + Level 0.0 Earth Magic
 + Level 0.0 Poison Magic
 + Level 0.1 Invocations
 + Level 0.0 Evocations


You had 5 spell levels left.
You didn't know any spells.
Your spell library contained the following spells:

 Spells                   Type           Power      Damage    Failure   Level
 Corpse Rot               Necr/Air       8%         N/A       34%         2
 Static Discharge         Conj/Air       4%         N/A       34%         2


Dungeon Overview and Level Annotations

Branches:
Dungeon (1/15)

Altars:


Innate Abilities, Weirdness & Mutations

You have very sharp teeth.
Your uncanny sense of smell can sniff out nearby items.
Your experience applies equally to all skills.


Message History

The endoplasm quivers.
Your bite misses the bat. You block the bat's attack. The bat hits you.
The endoplasm closely misses you.
You hit the endoplasm.
The endoplasm is heavily wounded.
The bat barely misses you. The bat closely misses you.
The endoplasm freezes you.
You are frozen.
You hit the endoplasm but do no damage.
The endoplasm is heavily wounded.
The bat hits you but does no damage. The bat barely misses you.
The endoplasm freezes you.
You are frozen.
The bat misses you.
You don't know any spells.
You closely miss the bat. The bat hits you but does no damage.
You closely miss the bat. The bat hits you. The bat barely misses you.
You hit the bat.
You kill the bat!
You hit the endoplasm.
The endoplasm is almost dead.
The endoplasm freezes you.
You are frozen.
* * * LOW HITPOINT WARNING * * *
You barely miss the endoplasm.
The endoplasm is almost dead.
The endoplasm barely misses you.
You hit the endoplasm.
You kill the endoplasm!
The bat hits you but does no damage. The bat barely misses you.
You barely miss the bat. The bat hits you.
* * * LOW HITPOINT WARNING * * *
You barely miss the kobold. You block the kobold's attack.
You hit the kobold.
The kobold is moderately wounded.
You block the kobold's attack.
You barely miss the kobold.
The kobold is moderately wounded.
The kobold hits you with a +0 short sword.
You die...

#######.#...........#
#.........######'####
#.#########
#.#########
#.........##
#########..#
#....###...#≈≈≈
#........≈.≈≈≈≈
########..>.#..≈.≈≈≈≈≈
#...^@Kl........≈≈≈≈≈≈
#.#####.....≈.PP≈≈≈P..
#.K..≈P..P≈≈≈≈≈P.≈.
.........≈≈≈≈≈≈≈≈≈≈...
≈≈≈≈.≈≈≈≈P≈≈≈≈≈≈≈≈...#
P≈≈≈≈≈≈≈≈≈≈≈≈PP≈..≈..#
≈≈≈≈≈≈≈≈≈≈≈≈≈≈.≈.....
≈≈≈≈≈≈≈≈≈≈≈≈≈≈.≈.!..
.≈≈≈..≈≈P..P.≈≈....


You could see a kobold and a frilled lizard.

Vanquished Creatures
  An endoplasm (D:1)
  A giant cockroach (D:1)
  A bat (D:1)
3 creatures vanquished.

Notes
Turn   | Place    | Note
-------+----------+-------------------------------------------
     0 | D:1      | Crownlay the Gnoll Wanderer began the quest for the Orb.
     0 | D:1      | Crownlay set off with the following items: a +0 dagger, an
                  | atropa-tipped dart, a datura-tipped dart, a +0 buckler, a
                  | scroll of blinking, a +0 leather armour; and the following
                  | spells available to memorise: Corpse Rot, Static Discharge
     0 | D:1      | Reached XP level 1. HP: 13/13 MP: 4/4
    73 | D:1      | Slain by a kobold

Illustrated notes

Levels and vault maps discovered:
D:1:      lemuel_arrival_rhombus, layout_basic, serial_shops,
          nicolae_shop_bloodbath_and_beyond, minmay_misc_feat_five,
          chequers_big_river, minmay_pentomino_w4

Action                   || total
-------------------------++-------
Melee: Dagger            ||    15
       Bite              ||     1
Armor: Leather armour    ||     3
Dodge: Dodged            ||     9
Block: Buckler           ||     3

Table legend: (Time is in decaauts)
 A = Elapsed time spent in this place.
 B = Non-inter-level travel time spent in this place.
 C = Inter-level travel time spent in this place.
 D = Time resting spent in this place.
 E = Time spent auto-exploring this place.
 F = Levels seen in this place.
 G = Mean time per level.
                   A        B        C        D        E       F      G
               +--------+--------+--------+--------+--------+-----+--------+
         Total |     73 |     73 |      0 |      0 |     41 |   1 |   73.0 |
       Dungeon |     73 |     73 |      0 |      0 |     41 |   1 |   73.0 |
               +--------+--------+--------+--------+--------+-----+--------+

Top non-repeatable levels by time:
     D:1: 73 daAuts
